 Dungeon Crawl Stone Soup version 0.21-a0-338-g36cf2fc (webtiles) character file.

69 Hasart the Magician (level 4, 0/24 HPs)
             Began as a Kobold Wizard on Oct 4, 2017.
             Slain by a giant cockroach (1 damage)
             ... on level 3 of the Dungeon.
             The game lasted 00:04:09 (2184 turns).

Hasart the Magician (Kobold Wizard)                 Turns: 2184, Time: 00:04:10

Health: 0/24       AC:  2    Str:  4    XL:     4   Next: 42%
Magic:  0/10       EV: 15    Int: 20    God:
Gold:   53         SH:  0    Dex: 13    Spells: 4/12 levels left

rFire    . . .     SeeInvis .   h - +0 dagger
rCold    . . .     Gourm    .   (shield restricted)
rNeg     . . .     Faith    .   a - +0 robe
rPois    .         Spirit   .   b - +0 hat
rElec    .         Reflect  .   (no cloak)
rCorr    .         Harm     .   (no gloves)
MR       .....                  (no boots)
Stlth    ++........             (no amulet)
HPRegen  0.08/turn              (no ring)
MPRegen  0.12/turn              (no ring)

@: no status effects
A: carnivore 3
a: no special abilities


You were on level 3 of the Dungeon.
You were very full.

You visited 1 branch of the dungeon, and saw 3 of its levels.

You collected 53 gold pieces.

Inventory:

Hand Weapons
 h - a +0 dagger (weapon)
Armour
 a - a +0 robe (worn)
 b - a +0 hat (worn)
Scrolls
 e - a scroll of fear {unknown}
 f - 3 scrolls of teleportation {unknown}
 g - a scroll of blinking {unknown}
 i - 2 scrolls of magic mapping {unknown}
 k - a scroll of immolation {unknown}
 n - 2 scrolls of identify {unknown}
Potions
 j - 2 potions of degeneration {unknown}
 l - a potion of berserk rage {unknown}
 m - 2 potions of brilliance {unknown}
Books
 c - a book of Minor Magic

   Spells                             Type                      Level
   a - Magic Dart                     Conjuration                  1
   b - Blink                          Translocation                2
   c - Call Imp                       Summoning                    2
   d - Slow                           Hexes                        2
   e - Conjure Flame                  Conjuration/Fire             3
   f - Mephitic Cloud                 Conjuration/Poison/Air       3
Comestibles
 d - 3 meat rations


   Skills:
 - Level 3.1 Dodging
 - Level 2.7 Stealth
 - Level 0.2 Unarmed Combat
 + Level 4.6 Spellcasting
 + Level 1.4 Conjurations
 - Level 1.0 Summonings
 - Level 1.0 Translocations
 + Level 0.1 Air Magic
 + Level 0.1 Poison Magic


You had 4 spell levels left.
You knew the following spells:

 Your Spells              Type           Power        Failure   Level  Hunger
a - Magic Dart            Conj           ##..         7%          1    None
b - Blink                 Tloc           N/A          12%         2    #......
c - Call Imp              Summ           #.......     12%         2    #......
d - Mephitic Cloud        Conj/Pois/Air  #.......     28%         3    ##.....


Dungeon Overview and Level Annotations

Branches:
Dungeon (2/15)

Altars:
Cheibriados
Kikubaaqudgha


Innate Abilities, Weirdness & Mutations

You are small and have problems with some larger weapons.
You are carnivorous and can eat meat at any time.


Message History

You kill the giant cockroach!
The giant cockroach bites you.
* * * LOW HITPOINT WARNING * * *
You barely miss the giant cockroach.
The giant cockroach bites you but does no damage.
You closely miss the giant cockroach. The giant cockroach closely misses you.
You closely miss the giant cockroach. The giant cockroach closely misses you.
You closely miss the giant cockroach. The giant cockroach bites you.
* * * LOW HITPOINT WARNING * * *
The giant cockroach bites you.
* * * LOW HITPOINT WARNING * * *
Casting: Magic Dart
Confirm with . or Enter, or press ? or * to list all spells.
Aiming: Magic Dart
Press: ? - help, Shift-Dir - straight line, f - giant cockroach
Aim: a giant cockroach (clinging)
The magic dart hits the giant cockroach.
The giant cockroach is heavily wounded.
The giant cockroach bites you.
You die...

. .. ... ... ..
...# ##... .
#...###... #....
.... #...##..
####..#.######+#
........)s@....#
####...########
############..#
#.....s.o..o.>#
#.##############
#.#..<.#.......#
#(#.####.#####.#
.o#........# #.#
#####......###.#


You could see a giant cockroach.

Vanquished Creatures
  A gnoll (D:1)
  An adder (D:1)
  2 dart slugs
  2 leopard geckos
  4 orcs (D:3)
  A ball python (D:1)
  2 bats (D:1)
  A giant cockroach (D:3)
  7 goblins
  4 hobgoblins
  2 jackals (D:3)
  2 quokkas (D:2)
  2 frilled lizards (D:1)
  4 kobolds (D:1)
  3 rats
38 creatures vanquished.

Notes
Turn   | Place    | Note
-------+----------+-------------------------------------------
     0 | D:1      | Hasart the Kobold Wizard began the quest for the Orb.
     0 | D:1      | Reached XP level 1. HP: 10/10 MP: 4/4
   241 | D:1      | Reached XP level 2. HP: 15/15 MP: 1/6
   777 | D:1      | Reached XP level 3. HP: 19/19 MP: 5/8
   884 | D:1      | Reached skill level 4 in Spellcasting
   893 | D:1      | Learned a level 2 spell: Blink
   896 | D:1      | Learned a level 2 spell: Call Imp
   900 | D:1      | Learned a level 3 spell: Mephitic Cloud
  1796 | D:2      | Reached XP level 4. HP: 24/24 MP: 5/10
  1836 | D:2      | Found an ancient bone altar of Kikubaaqudgha.
  1992 | D:2      | Found a snail-covered altar of Cheibriados.
  2037 | D:2      | You fall through a shaft!
  2183 | D:3      | HP: 1/24 [giant cockroach (1)]
  2184 | D:3      | Slain by a giant cockroach

Vault maps used:
D:1:      dpeg_arrival_renting
D:2:      kiku_gazebo_pond_becter, kennysheep_slug_shrine, grunt_ministairs_3
D:3:      cheibrodos_greedy_goblins, lemuel_crystal_altar,
          makhleb_altar_promises_db, serial_glass, glass_columns_a,
          glass_columns_a, uniq_grinder

Skill      XL: |  1  2  3 |
---------------+----------+-----
Spellcasting   | 4 |  4.6
Dodging        | 3 |  3.1
Stealth        | |  2.7
Unarmed Combat | |  0.2
Conjurations   | |  1.4
Summonings     | |  1.0
Translocations | |  1.0
Air Magic      | |  0.1
Poison Magic   | |  0.1

Action                   |  1- 3 |  4- 6 || total
-------------------------+-------+-------++-------
Melee: Unarmed           |     5 |       ||     5
       Dagger            |    12 |    43 ||    55
 Cast: Magic Dart        |    71 |    21 ||    92
       Mephitic Cloud    |       |     2 ||     2
  Use: Potion            |     1 |       ||     1
  Eat: Chunk             |    11 |       ||    11
Armor: Robe              |     2 |     4 ||     6
Dodge: Dodged            |    40 |    40 ||    80

Table legend:
 A = Spawn XP
 B = Non-spawn XP
 C = Spawn XP percentage of total XP
 D = Spawn monster count
 E = Non-spawn monster count
 F = Spawn count percentage of total count
 G = Total turns spent on level
                    A         B        C        D         E        F      G
               +---------+---------+-------+---------+---------+-------+---------
         Total |       0 |      99 |   0.0 |       0 |      38 |   0.0 |  2184
               +---------+---------+-------+---------+---------+-------+---------
           D:1 |       0 |      62 |   0.0 |       0 |      22 |   0.0 |  1557
           D:2 |       0 |      18 |   0.0 |       0 |       8 |   0.0 |   480
           D:3 |       0 |      19 |   0.0 |       0 |       8 |   0.0 |   147
               +---------+---------+-------+---------+---------+-------+---------
